Map: Terraços Prion

Players

IIIIIIIIIIII

  • Race: Terran Terran
  • League: Master

TheZergLord - Winner!

  • Race: Zerg Zerg
  • League: Master

VOD

Have the link to the VOD?

Description

Time

  • Played on: Feb. 18, 2016, 5:46 a.m.
  • Length: 12:24
Show
View Real Time Build Order
Export as new Build Order

IIIIIIIIIIII Terran 

Build Orders: Reaper Expand, Hellion Banshee, MMM Bio 

Get SALT Encoding   

  12  0:01  SCV  
  13  0:13  SCV  
  14  0:17  Supply Depot  
  14  0:25  SCV  
  15  0:39  SCV  
  15  0:40  Barracks  
  16  0:45  Refinery  
  16  0:51  SCV  
  17  1:03  SCV  
  18  1:15  SCV  
  19  1:28  Orbital Command  
  19  1:29  Reaper  
  20  1:41  Command Center  
  20  1:48  Supply Depot  
  20  1:53  SCV  
  21  2:00  Refinery  
  21  2:01  Marine  
  22  2:07  SCV  
  23  2:12  Factory  
  23  2:19  SCV  
  24  2:30  Barracks Reactor  
  24  2:32  SCV  
  25  2:44  SCV  
  26  2:52  Orbital Command  
  26  2:56  SCV  
  27  2:59  Starport  
  27  3:08  SCV  
  28  3:13  Hellion x2  
  28  3:16  Barracks Tech Lab  
  28  3:18  SCV  
  33  3:20  SCV  
  33  3:25  Supply Depot  
  34  3:28  Supply Depot  
  34  3:34  Hellion x2  
  38  3:41  Barracks Tech Lab  
  38  3:44  Cloaking Field, SCV x2  
  38  3:45  Banshee  
  43  3:49  Supply Depot  
  43  3:52  Supply Depot  
  43  4:02  Hellion x2  
  47  4:04  SCV x2  
  47  4:08  Stimpack  
  49  4:16  SCV x2  
  51  4:17  Marine  
  48  4:31  SCV x2  
  50  4:43  Command Center, Marine, SCV x2  
  53  4:47  Barracks  
  53  4:51  Barracks  
  53  4:55  SCV  
  53  4:56  SCV, Factory Tech Lab  
  53  4:59  Banshee  
  58  5:02  Marine  
  59  5:07  SCV  
  59  5:08  SCV  
  59  5:09  Supply Depot  
  59  5:11  Supply Depot  
  61  5:16  Siege Tank  
  61  5:20  SCV x2  
  66  5:32  SCV x2  
  66  5:34  Marauder, Marine x2  
  63  5:37  Engineering Bay  
  63  5:39  Engineering Bay  
  63  5:44  SCV x2  
  63  5:45  Refinery  
  63  5:47  Supply Depot, Refinery  
  65  5:50  Siege Tank  
  65  5:56  Barracks Reactor, SCV x2  
  51  5:57  Orbital Command  
  70  5:59  Marine x3  
  70  6:01  Starport Reactor  
  73  6:07  Terran Infantry Weapons Level 1  
  73  6:08  Combat Shields, SCV x2  
  75  6:17  Marauder  
  75  6:18  Marine x2  
  78  6:20  SCV x2  
  78  6:21  Terran Infantry Armor Level 1  
  78  6:25  Barracks  
  81  6:27  Barracks  
  81  6:29  Orbital Command  
  84  6:32  Siege Tank  
  81  6:41  Marine x2  
  81  6:42  Marine x3  
  86  6:49  SCV x2  
  88  6:56  Missile Turret  
  88  6:58  SCV  
  88  7:01  Medivac x2, SCV x2  
  91  7:03  Missile Turret  
  91  7:04  Armory  
  95  7:12  SCV  
  95  7:13  Missile Turret, SCV x2  
  98  7:16  Supply Depot  
  98  7:18  Supply Depot, Barracks Reactor x2  
  98  7:23  Marauder, Marine x4  
  98  7:25  SCV x2  
  98  7:27  SCV  
  107  7:30  Siege Tank  
  107  7:37  SCV x2  
  111  7:39  SCV  
  111  7:41  Refinery  
  111  7:42  Medivac x2  
  111  7:43  Refinery  
  117  7:46  Command Center, Marine x5  
  122  7:52  Supply Depot  
  122  7:53  Supply Depot  
  122  7:57  Marine  
  122  7:58  Marine x2  
  125  8:08  Marauder, Marine x4  
  125  8:09  Marine  
  132  8:12  Supply Depot  
  132  8:13  Siege Tank  
  132  8:14  Supply Depot  
  132  8:15  Terran Infantry Weapons Level 2  
  132  8:16  Supply Depot  
  135  8:22  Marine x3  
  135  8:23  Terran Infantry Armor Level 2  
  138  8:28  Marine x5  
  138  8:29  Barracks  
  143  8:35  Medivac x2  
  143  8:39  Barracks  
  147  8:59  Marine x3  
  147  9:00  Marauder, Marine x4  
  105  9:14  Medivac x2, Siege Tank  
  100  9:25  Marauder  
  100  9:26  Barracks Reactor  
  100  9:28  Barracks Tech Lab, Marine  
  100  9:29  Marine x6  
  100  9:30  Marine  
  110  9:35  Supply Depot  
  110  9:37  Supply Depot  
  110  9:40  Terran Vehicle Weapons Level 1  
  110  9:46  Medivac x2  
  110  9:47  Factory  
  110  9:48  Marauder x2, Marine x5  
  110  9:49  Marine x3  
  110  9:51  Barracks  
  126  9:53  Thor  
  132  10:01  Planetary Fortress  
  132  10:02  Marine  
  132  10:03  Marine  
  134  10:11  SCV x3  
  134  10:13  Marine x5  
  134  10:14  Marine x3  
  143  10:15  Marauder x2  
  149  10:23  Missile Turret  
  149  10:24  Refinery  
  149  10:25  Refinery  
  149  10:27  Missile Turret  
  149  10:29  Marine x2  
  149  10:31  Marine, Thor  
  158  10:45  Marine x5  
  158  10:46  Marine x2  
  158  10:47  Marauder, Barracks Tech Lab  
  158  10:48  Marauder  
  169  10:59  Command Center  
  169  11:04  Marine x6  
  169  11:05  Marine x4  
  179  11:21  Siege Tank x2  
  179  11:23  Medivac x2, Marine x2  
  179  11:24  Marine x7  
  198  11:43  Marauder  
  197  11:52  Marauder  
Show
View Real Time Build Order
Export as new Build Order

TheZergLord Zerg - Winner!

Build Orders: Hatch First, Muta Ling Bane 

Get SALT Encoding   

  12  0:01  Drone  
  13  0:13  Overlord  
  13  0:18  Drone  
  14  0:32  Drone x2  
  16  0:35  Drone  
  17  0:52  Hatchery  
  17  0:55  Drone  
  17  1:10  Spawning Pool  
  16  1:12  Drone  
  16  1:16  Extractor  
  16  1:19  Drone  
  16  1:21  Drone  
  18  1:29  Drone  
  19  1:40  Overlord  
  19  1:57  Zergling x2, Queen  
  22  2:01  Zergling x2  
  22  2:05  Queen  
  22  2:06  Zergling x2  
  26  2:14  Drone  
  27  2:18  Metabolic Boost  
  27  2:25  Drone x2  
  29  2:36  Drone  
  30  2:40  Queen  
  32  2:51  Hatchery, Overlord  
  31  2:55  Drone x3  
  31  2:58  Drone  
  35  3:06  Drone  
  35  3:08  Overlord  
  36  3:15  Drone x5  
  36  3:17  Drone  
  42  3:20  Drone  
  42  3:22  Drone  
  44  3:30  Overlord  
  44  3:35  Drone  
  44  3:36  Queen x2  
  49  3:41  Overlord  
  49  3:46  Drone x3  
  52  3:49  Drone x3  
  52  3:50  Drone  
  56  4:01  Spine Crawler  
  53  4:17  Overlord  
  53  4:22  Drone x3  
  52  4:31  Queen  
  52  4:32  Spore Crawler  
  52  4:33  Lair, Spore Crawler  
  52  4:34  Queen  
  54  4:40  Zergling x6  
  54  4:42  Drone x2  
  54  4:43  Drone x5, Spore Crawler  
  63  4:51  Overlord  
  63  4:53  Drone  
  63  4:59  Zergling x6  
  68  5:00  Zergling x6  
  70  5:09  Drone x3  
  70  5:13  Drone x2  
  72  5:33  Drone x8  
  79  5:37  Extractor  
  79  5:38  Extractor  
  79  5:40  Overseer  
  79  5:42  Drone x2  
  79  5:43  Drone x3  
  79  5:47  Baneling Nest  
  79  5:49  Extractor  
  80  5:50  Extractor  
  80  5:53  Extractor  
  80  5:55  Hatchery  
  80  5:56  Drone x5  
  82  5:58  Overlord x2  
  82  5:59  Evolution Chamber x2, Hatchery  
  79  6:05  Overlord  
  79  6:08  Drone  
  79  6:09  Drone  
  81  6:26  Drone, Spire  
  81  6:32  Drone  
  82  6:34  Drone  
  82  6:35  Centrifical Hooks  
  82  6:37  Zergling x18  
  85  6:49  Zerg Ground Armor Level 1, Zerg Melee Weapons Level 1  
  85  6:50  Zergling x8  
  89  7:10  Queen  
  89  7:13  Drone x6  
  89  7:14  Drone x7, Queen  
  106  7:19  Infestation Pit  
  105  7:34  Extractor  
  105  7:35  Baneling x3, Extractor  
  105  7:36  Baneling  
  103  7:38  Mutalisk x6  
  103  7:42  Baneling x2  
  103  7:43  Zergling x2, Baneling  
  103  7:44  Zergling x4  
  118  7:46  Overlord x6  
  118  7:47  Overlord  
  118  7:56  Hive  
  117  8:12  Mutalisk x2  
  119  8:14  Zergling x2  
  119  8:15  Zergling x30  
  119  8:17  Baneling x7  
  119  8:18  Baneling x5  
  137  8:30  Drone x6  
  143  8:42  Zergling x2  
  143  8:43  Zergling x26  
  143  8:48  Hatchery  
  137  9:06  Zergling x30  
  137  9:07  Zergling x16  
  144  9:12  Mutalisk  
  144  9:13  Mutalisk x3  
  151  9:22  Pneumatized Carapace  
  151  9:24  Zerg Ground Armor Level 2, Zerg Melee Weapons Level 2  
  151  9:25  Adrenal Glands  
  151  9:27  Baneling x8, Ultralisk Cavern  
  151  9:28  Baneling  
  151  9:29  Overseer  
  150  9:35  Zergling x20  
  160  9:49  Zergling x6  
  160  9:50  Zergling x6  
  166  10:02  Queen  
  167  10:18  Chitinous Plating  
  167  10:20  Ultralisk x2  
  179  10:23  Baneling x2  
  179  10:24  Baneling x11  
  179  10:29  Overlord, Baneling x5  
  179  10:30  Overlord x2  
  179  10:50  Greater Spire  
  179  10:52  Zergling x2  
  179  10:53  Zergling x22, Ultralisk  
  179  10:54  Zergling x2  
  179  10:55  Zergling x4  
  200  11:01  Baneling x13  
  200  11:14  Extractor x2  
  192  11:32  Spine Crawler  
  191  11:35  Spine Crawler, Zergling x6  
  191  11:36  Zergling x14  
Tags
 
Add a new tag
Caveats
  • Supply blocks, unpowered buildings, or Contaminate may cause inaccurate times.
  • Supply counts are checked every 10 seconds.